Cogmind - Beta 17.1 @@@ ROGUE MODE // 2026.09.12 @ 16:13:09 Player: puppuppit Result: Destroyed by P-70 Sage with High-powered Shock Rifle Performance ------------- Evolutions (5) 2500 Regions Visited (12) 2400 Robots Destroyed (402) 2010 Value Destroyed (13528) 13528 Prototype IDs (21) 420 Alien Tech Used (0) 0 Bonus (2627) 2627 TOTAL SCORE: 23485 Bonus ------- Triggered High Security 500 High Alert Combat Kills 4677 Follower Combat Kills 1054 Entered Garrisons 200 Friendly Fire -3804 Cogmind --------- Core Integrity 0/1000 Matter 300/300 Energy 100/100 System Corruption 20% Temperature Cool (0) Movement Core (50) Location -5/Factory Parts ------- > --- POWER (1) -------- (None) > --- PROPULSION (6) --- (None) > --- UTILITY (6) ------ Advanced Targeting Computer > --- WEAPON (4) ------- (None) > --- INVENTORY (5) ---- Improved Coolant Injector Matter Compressor (250) Improved Matter Compressor (300) Improved Matter Compressor (300) Improved Plasma Cutter Peak State ------------ > --- POWER ------------ Heavy Deuterium Engine > --- PROPULSION ------- Light Treads Light Treads Improved Medium Treads Armored Medium Treads Myomer Leg Antigrav System > --- UTILITY ---------- Improved Cooling System Medium Storage Unit Advanced Terrain Scanner Advanced Targeting Computer Improved Hacking Suite Long-range Tractor Beam > --- WEAPON ----------- Bore Cannon Bore Cannon Bore Cannon Mass Driver > --- INVENTORY -------- Improved Coolant Injector Matter Compressor Improved Matter Compressor Improved Matter Compressor Powered Armor Heavy Beamcaster Bore Cannon Bore Cannon Bore Cannon Improved Plasma Cutter [Rating: 81] Favorites ----------- Power Heavy Deuterium Engine Engine Heavy Deuterium Engine Power Core Light Nuclear Core Propulsion Light Treads Treads Light Treads Leg Myomer Leg Wheel Wheel Hover Unit Airjet Flight Unit VTOL Module Utility Improved Targeting Computer Device Improved Terrain Scanner Storage High-capacity Storage Unit Processor Improved Targeting Computer Hackware Hacking Suite Protection Medium Armor Plating Weapon Enhanced Autogun Energy Gun Heavy Beamcaster Energy Cannon Plasma Cannon Ballistic Gun Enhanced Autogun Ballistic Cannon Bore Cannon Launcher Precision Grenade Launcher Special Weapon Plasma Cutter Build | -11 -10 -10 -10 -9 -8 -8 -7 -7 -7 -6 -6 -5 ------- Run | Yrd Mat Min Exi Min Mat Gar Fac Was Fac Fac Ext Fac Slots Evolved 10 | . . . . . 4 . 2 . . 2 . 2 Power . | . . . . . . . . . . . . . Propulsion 4 | . . . . . . . 2 . . 2 . . Utility 4 | . . . . . 2 . . . . . . 2 Weapon 2 | . . . . . 2 . . . . . . . Parts Attached 202 | 8 6 1 . 10 24 4 32 4 24 42 27 20 Power 23 | 1 1 1 . 2 2 2 7 . 1 3 2 1 Engine 13 | 1 1 . . 1 2 1 2 . . 3 2 . Core 10 | . . 1 . 1 . 1 5 . 1 . . 1 Reactor . | . . . . . . . . . . . . . Propulsion 58 | 2 . . . 3 2 . 6 1 10 17 12 5 Treads 24 | 2 . . . 3 2 . 6 1 . . 9 1 Leg 5 | . . . . . . . . . 1 . 2 2 Wheel 19 | . . . . . . . . . 4 14 1 . Hover 7 | . . . . . . . . . 4 1 . 2 Flight 3 | . . . . . . . . . 1 2 . . Utility 62 | 3 3 . . 2 9 1 8 2 9 12 5 8 Device 25 | 1 . . . . 1 . 3 1 5 6 3 5 Storage 14 | 2 3 . . . . . 3 . 2 2 2 . Processor 10 | . . . . 2 4 . . 1 2 1 . . Hackware 8 | . . . . . 2 1 2 . . 2 . 1 Protection 5 | . . . . . 2 . . . . 1 . 2 Artifact . | . . . . . . . . . . . . . Weapon 59 | 2 2 . . 3 11 1 11 1 4 10 8 6 Energy Gun 5 | . . . . . . . . . . 2 2 1 Energy Cannon 1 | . . . . . . . . . 1 . . . Ballistic Gun 24 | 2 . . . . 9 . 4 . 1 6 . 2 Ballistic Cannon 20 | . 2 . . 2 . . 3 . 2 2 6 3 Launcher 8 | . . . . 1 2 . 4 1 . . . . Special Weapon 1 | . . . . . . 1 . . . . . . Impact Weapon . | . . . . . . . . . . . . . Slashing Weapon . | . . . . . . . . . . . . . Piercing Weapon . | . . . . . . . . . . . . . Special Melee Weapon . | . . . . . . . . . . . . . Unidentified Prototypes 6 | . . . . . 1 . 2 . . 2 1 . Corrupted Parts 1 | . . . . . . . 1 . . . . . System Corruption 6 | . . . . . . . 6 . . . . . Parts Lost 79 | . . . . 5 1 1 6 3 8 19 12 24 Power 7 | . . . . 1 . 1 1 . 1 1 1 1 Propulsion 33 | . . . . 1 . . 2 2 5 7 8 8 Utility 9 | . . . . 1 1 . . . . 2 1 4 Weapon 30 | . . . . 2 . . 3 1 2 9 2 11 Highest Loss Streak 24 | . . . . 4 1 1 1 3 4 5 5 24 To Critical Strikes 3 | . . . . . . . . . . . 2 1 Average Backups 14 | . 10 19 18 16 18 18 19 14 7 8 9 9 Power . | . . . . 1 . . . . . . . . Propulsion 1 | . . 2 3 3 4 3 1 . . 1 . . Utility 6 | . 5 10 8 7 8 6 7 5 5 5 5 5 Weapon 5 | . 4 6 6 5 4 8 10 7 2 1 4 3 Tool/Special . | . . . . . . . . . . . . . Unused Backups 65 | . 7 4 1 . 20 . 4 11 3 4 4 7 Power 4 | . . . . . 1 . . 1 . 2 . . Propulsion 11 | . . . . . 11 . . . . . . . Utility 37 | . 5 3 1 . 6 . 4 5 3 2 3 5 Weapon 12 | . 2 1 . . 2 . . 5 . . 1 1 Tool/Special 1 | . . . . . . . . . . . . 1 Average Slot Usage (%) 94 | . 99 100 76 93 98 99 99 71 72 76 96 92 Engine 5 | . 14 7 . 2 9 6 2 3 . 4 5 4 Core 2 | . . 6 14 6 . 2 3 . 3 . . . Treads 21 | . 27 28 28 27 17 18 29 18 . . 24 17 Leg 1 | . . . . . . . . . 1 . 7 8 Wheel 2 | . . . . . . . . . 7 26 4 . Device 6 | . 14 14 14 2 2 . 2 7 2 1 12 12 Storage 8 | . 14 14 14 14 9 9 7 4 5 5 6 4 Processor 10 | . . . . 11 12 18 15 16 21 14 6 5 Hackware 2 | . . . . . 6 . 3 . . 2 . 3 Protection 1 | . . . . . 3 8 . . . . . 3 Ballistic Gun 16 | . 2 . . . 35 33 29 14 4 13 2 . Ballistic Cannon 9 | . 25 28 4 27 . . . . 12 3 18 19 Peak Build Rating 81 | 9 13 15 16 16 35 34 48 47 41 40 66 81 Average Rating 33 | 7 11 14 11 13 30 31 43 30 29 29 52 71 On Entrance 22 | . 9 13 15 16 15 33 30 43 11 10 29 62 Avg Prop Armor Cover (%) 5 | . . . . . . . . . 5 5 5 5 Naked Turns . | . . . . . . . . . . . . . Heaviest Build 94 | 17 94 54 54 54 71 68 66 71 65 63 56 71 Greatest Support 133 | 40 40 40 40 40 40 40 90 82 60 84 133 97 Greatest Overweight (x) 5 | . 2 1 1 2 3 1 . 1 1 5 1 1 Average Overweight (x) . | . . 1 1 1 1 1 . . . . . . Largest Inventory Capacity 25 | 8 25 20 20 20 20 20 20 20 20 10 10 10 Average Capacity 16 | 7 15 20 20 20 20 20 20 14 10 9 10 9 Most Carried 20 | 2 17 20 20 20 20 20 20 20 15 10 10 10 Average Carried 15 | . 10 19 20 18 19 18 19 14 7 9 9 9 Final Capacity 20 | 8 20 20 20 20 20 20 20 5 5 10 10 10 Final Carried 20 | 2 17 20 20 19 20 18 20 5 5 10 10 10 Class Distribution -------------------- 45% | Gunner 30% | Mutant 23% | Scavenger-Gunner Dominant Class ---------------- Mutant | -10/Materials Mutant | -10/Mines Mutant | -10/Exiles Mutant | -9/Mines Gunner | -8/Materials Gunner | -8/Garrison Gunner | -7/Factory Gunner | -7/Waste Mutant | -7/Factory Scavenger-Gunner | -6/Factory Scavenger-Gunner | -6/Extension Scavenger-Gunner | -5/Factory Resources | -11 -10 -10 -10 -9 -8 -8 -7 -7 -7 -6 -6 -5 ----------- Run | Yrd Mat Min Exi Min Mat Gar Fac Was Fac Fac Ext Fac Matter Collected 17741 | 374 1025 406 38 752 1767 763 4144 230 906 2419 2808 2109 Remotely 925 | . . . . . . . . . . . . 925 Salvage Created 16885 | 247 858 153 . 273 2014 654 5462 230 806 2516 2082 1590 Parts 807 | 20 41 11 . 17 125 46 288 2 34 108 57 58 Haulers Intercepted 13 | . 2 . . . 6 . 3 . 1 . . 1 Recyclers Shooed 12 | . 1 . . . 1 . . . . 5 1 4 Parts Field Recycled . | . . . . . . . . . . . . . Retrieved Matter . | . . . . . . . . . . . . . Parts Self-Destructed . | . . . . . . . . . . . . . Prevented . | . . . . . . . . . . . . . Parts Restored . | . . . . . . . . . . . . . Kills | -11 -10 -10 -10 -9 -8 -8 -7 -7 -7 -6 -6 -5 ------- Run | Yrd Mat Min Exi Min Mat Gar Fac Was Fac Fac Ext Fac Combat Hostiles Destroyed 260 | . 16 2 . 24 27 21 76 1 16 26 29 22 Guns 127 | . 2 . . . 22 14 63 . 2 14 9 1 Cannons 84 | . 14 2 . 17 . . . . 10 8 20 13 AOE 47 | . . . . 7 5 7 12 1 4 4 . 7 Classes Destroyed 22 | 3 6 . . 1 3 2 3 1 . 2 1 . Worker 32 | 2 1 2 . . 7 . 10 . 1 7 1 1 Builder 15 | . 1 . . 1 1 . 2 . 1 6 3 . Tunneler 10 | 7 . 1 . . 1 . 1 . . . . . Hauler 13 | . 2 . . . 6 . 3 . 1 . . 1 Recycler 45 | 1 5 1 . 1 4 . 12 . 2 11 3 5 Mechanic 4 | . . . . . . . 1 . . 2 . 1 Operator 11 | . 1 . . . 3 . 4 . 1 . 1 1 Watcher 21 | . 3 . . . 4 . 6 . 1 2 1 4 Swarmer 40 | . 3 1 . 5 6 6 4 . 7 6 1 1 Cutter 6 | . . . . . . 2 . . . 4 . . Grunt 111 | . 13 1 . 4 12 9 47 . 2 5 10 8 Brawler 8 | . . . . . 1 . 2 . 1 2 1 1 Duelist 5 | . . . . . 1 . 2 . 1 . 1 . Protector 5 | . . . . . . . 3 . . . 1 1 Sentry 29 | . . . . . 7 2 5 . 3 2 10 . Specialist 4 | . . . . . . . . . . 1 . 3 Hunter 13 | . . . . . . 2 5 . . . 2 4 Programmer 19 | . . . . . . . 8 . 2 5 . 4 Heavy 1 | . . . . . . . . . . 1 . . Behemoth 2 | . . . . . . . . . . . 2 . Compactor 1 | . . . . . . . . 1 . . . . Assembled 16 | . . . . 16 . . . . . . . . Thug 2 | . . . . . . . . . . . 2 . Savage 1 | . . . . . . . . . . . 1 . Guerrilla 3 | . . . . . . . . . . . 3 . Best Kill Streak 10 | 3 5 2 . 5 6 3 10 1 5 10 6 9 Combat Bots Only 9 | . 3 1 . 5 3 3 9 1 5 5 6 7 Max Kills in Single Turn 5 | 1 1 2 . 3 3 2 3 1 5 4 3 4 Gunslinging 1 | . . . . . 1 . . . . . . . Exploded 4 | . . . . 1 3 2 2 1 4 3 . 3 Melee . | . . . . . . . . . . . . . Uniques/NPCs Destroyed 1 | . . . . . . . . . . . 1 . A7 (-6/Extension) Combat | -11 -10 -10 -10 -9 -8 -8 -7 -7 -7 -6 -6 -5 -------- Run | Yrd Mat Min Exi Min Mat Gar Fac Was Fac Fac Ext Fac Hostile Shots Fired 1473 | . 61 . . 69 63 50 273 3 283 197 148 326 Missed 508 | . 19 . . 25 15 17 108 . 102 72 38 112 Hits 965 | . 42 . . 44 48 33 165 3 181 125 110 214 Melee 26 | . . . . 7 3 2 . 3 . 9 2 . Projectile 939 | . 42 . . 37 45 31 165 . 181 116 108 214 AOE 2 | . . . . . . 1 1 . . . . . Critical Strikes 31 | . . . . 1 4 2 4 . 2 9 5 4 Part Disruptions 3 | . . . . . . . 2 . . . . 1 Damage Taken 15200 | . 481 . . 795 732 567 2562 219 1767 2485 1558 4034 Core 2839 | . 96 . . 143 32 28 193 96 406 754 80 1011 Absorbed by Shields 20 | . . . . . . . . . . 20 . . Ignored by Resistances 62 | . . . . . . . . . . 62 . . Regen/Repaired (Parts) 1069 | . 147 . . . 352 . 230 . 65 . . 275 Core Remaining (%) 38 | 100 . . . 4 . 89 . . . . 1 . Volleys Fired 854 | 30 66 12 . 58 76 35 209 8 44 113 128 75 Largest 4 | 2 2 2 . 2 4 4 4 4 4 4 4 4 Hottest 258 | 40 66 66 . 66 109 107 120 125 157 134 258 192 Shots Fired 2539 | 60 132 25 . 101 301 108 793 31 110 259 425 194 Gun 1576 | 60 20 . . . 297 100 765 19 26 184 89 16 Cannon 895 | . 112 25 . 83 . . 6 . 80 75 336 178 Launcher 68 | . . . . 18 4 8 22 12 4 . . . Special . | . . . . . . . . . . . . . Kinetic 2391 | 60 132 25 . 83 297 100 771 19 104 243 373 184 Thermal 71 | . . . . . . . . . 2 12 52 5 Explosive 48 | . . . . 18 4 8 6 12 . . . . Electromagnetic 29 | . . . . . . . 16 . 4 4 . 5 Robot Hit Streak 39 | 8 7 5 . 4 25 19 18 39 14 15 9 7 Robot Miss Streak 12 | 3 4 2 . 3 3 2 6 1 4 7 12 8 Penetration Max 1 | . . . . . . . 1 . . 1 1 1 Secondary Targets 11 | . . . . . 3 2 5 . . . . 1 Max Gunslinging Chain 1 | . . . . . 1 1 1 . . . . 1 Shots Hit Robots 1441 | 39 77 15 . 42 170 65 493 25 74 179 172 90 Core Hits 791 | 17 35 6 . 39 78 41 239 3 37 131 115 50 Critical Kills 45 | . . . . . 2 . 1 . 1 1 24 16 Critical Parts Destroyed 72 | . . . . . . . 3 . . 1 43 25 Critical Strikes 148 | . 1 1 . 2 2 . 4 . 6 2 86 44 Burn 4 | . . . . . . . . . . . 4 . Destroy 131 | . . . . . 2 . 4 . 1 2 81 41 Blast 13 | . 1 1 . 2 . . . . 5 . 1 3 Melee Attacks . | . . . . . . . . . . . . . Impact . | . . . . . . . . . . . . . Slashing . | . . . . . . . . . . . . . Piercing . | . . . . . . . . . . . . . Sneak Attacks . | . . . . . . . . . . . . . Combat Hostiles . | . . . . . . . . . . . . . Follow-up Attacks . | . . . . . . . . . . . . . Damage Inflicted 39022 | 270 1523 325 . 1592 3249 1692 11349 1378 2174 4797 5629 5044 Guns 18006 | 270 119 . . . 2760 1006 9017 306 316 2539 1515 158 Cannons 11971 | . 1404 325 . 891 . . . . 1400 1582 4114 2255 Explosions 9008 | . . . . 701 489 686 2332 1072 449 672 . 2607 Melee . | . . . . . . . . . . . . . Ramming 37 | . . . . . . . . . 9 4 . 24 Kinetic 28707 | 270 1523 325 . 891 2760 1006 9017 306 1689 3837 4755 2328 Thermal 4432 | . . . . 242 . . 328 . 27 326 874 2635 Explosive 4024 | . . . . 459 489 686 738 1072 . 580 . . Electromagnetic 1822 | . . . . . . . 1266 . 449 50 . 57 Impact . | . . . . . . . . . . . . . Slashing . | . . . . . . . . . . . . . Piercing . | . . . . . . . . . . . . . Highest Corruption 20 | . 2 2 2 11 2 2 11 11 16 2 2 20 Average Corruption 5 | . 2 2 2 6 2 2 8 11 12 1 1 4 Corruption Purged 2 | . . . . . . . . . . . 2 . Corruption Blocked . | . . . . . . . . . . . . . Effects 280 | . 10 25 8 34 4 24 100 12 47 4 2 10 Message Errors 60 | . 2 7 . 7 2 3 24 4 7 1 2 1 Matter Fused 64 | . 1 10 3 6 1 9 20 3 9 . . 2 Heat Flow Errors 35 | . 3 3 2 7 . 4 9 1 5 . . 1 Energy Discharges 37 | . 1 1 2 2 . 4 16 1 7 1 . 2 Parts Rejected 2 | . . . . 2 . . . . . . . . Parts Fused 5 | . . 1 . 1 . . 2 . 1 . . . Data Loss (minor) 35 | . 2 1 1 3 . 2 15 . 9 2 . . Data Loss (major) 10 | . . 1 . 1 1 1 3 . 3 . . . Misfires 12 | . . 1 . 3 . . 3 . 3 . . 2 Alerts 3 | . 1 . . . . . 1 . . . . 1 Misdirections 5 | . . . . 1 . . . 2 1 . . 1 Weapon Failures 12 | . . . . 1 . 1 7 1 2 . . . Overload Shots . | . . . . . . . . . . . . . Overflow Damage 426 | . . . . 43 30 . 29 50 7 8 70 189 Projectiles 136 | . . . . 16 . . . . 7 . 70 43 Explosions 290 | . . . . 27 30 . 29 50 . 8 . 146 Melee . | . . . . . . . . . . . . . Knockbacks 82 | . 9 3 . 12 . . . . 6 17 19 16 Impact . | . . . . . . . . . . . . . Kinetic 79 | . 9 3 . 10 . . . . 5 17 19 16 Secondary 3 | . . . . 2 . . . . 1 . . . Self-Inflicted Damage 304 | . . . . 169 . 40 19 64 4 2 . 6 Shots 10 | . . . . 4 . 2 1 3 . . . . Rammed 7 | . . . . . . . . . 1 1 . 5 Targets Rammed 10 | . . . . . . . . . 1 1 . 8 Kicked 3 | . . . . . . . . . . . . 3 Crushed . | . . . . . . . . . . . . . Highest Temperature 355 | . 278 242 262 251 194 255 355 150 282 315 312 96 Average Temperature 66 | . 35 65 127 60 62 77 81 23 82 82 60 23 Received Heat Transfer 3318 | . 255 . . 51 306 198 807 . 540 261 606 294 Effects 6 | . . . . 1 . . 3 . 2 . . . Energy Bleed 1 | . . . . 1 . . . . . . . . Interference 5 | . . . . . . . 3 . 2 . . . Siege Activations . | . . . . . . . . . . . . . Martial Activations . | . . . . . . . . . . . . . Shielding Activations . | . . . . . . . . . . . . . Robots Disrupted . | . . . . . . . . . . . . . Combat Hostiles . | . . . . . . . . . . . . . Robots Corrupted 1 | . . . . . . . 1 . . . . . Combat Hostiles 1 | . . . . . . . 1 . . . . . Parts Fried 4 | . . . . . . . 3 . 1 . . . Impact Corruptions . | . . . . . . . . . . . . . Robots Melted 1 | . . . . . . . . . . . . 1 Combat Hostiles 1 | . . . . . . . . . . . . 1 Parts Melted 14 | . . . . . . . . . . . 12 2 Heat Transferred 4464 | . . . . 400 . . 275 . 50 383 1645 1711 Parts Sabotaged 3 | . . . . . . . . . . . 3 . Parts Stolen . | . . . . . . . . . . . . . Parts Stripped . | . . . . . . . . . . . . . Power Chain Reactions 5 | . . . . . . . 5 . . . . . Alert | -11 -10 -10 -10 -9 -8 -8 -7 -7 -7 -6 -6 -5 ------- Run | Yrd Mat Min Exi Min Mat Gar Fac Was Fac Fac Ext Fac Maximum Alert Level 5 | . 1 . . . 1 4 5 4 4 3 4 4 Low Security (%) 36 | 100 99 100 . 100 70 . . . . . . . Level 1 7 | . . . . . 29 20 . . . . 4 . Level 2 24 | . . . . . . 29 36 . 12 70 42 78 Level 3 16 | . . . . . . 27 10 92 86 29 38 17 Level 4 9 | . . . . . . 23 27 7 . . 15 3 Level 5 5 | . . . . . . . 26 . . . . . High Security . | . . . . . . . . . . . . . Max Security . | . . . . . . . . . . . . . Peak Influence 2388 | 15 205 55 . 142 371 1279 2388 1100 1107 874 1217 1144 Initial 1100 | . 3 50 . . 3 231 671 1100 681 529 425 585 Average 553 | 2 102 5 . 34 129 754 1205 1052 825 607 754 648 Influence Increases 10986 | 50 593 115 . 368 1069 1078 2547 44 902 1115 1958 1147 Destroy 0b10 Robot/C 5380 | . 320 60 . 180 540 460 1460 . 320 520 1100 420 Destroy 0b10 Robot/NC 815 | 50 65 20 . 10 130 . 210 . 35 140 85 70 Destroy Leader 1110 | . 100 20 . 30 160 50 376 . 104 104 106 60 Allied During Kill 433 | . . 13 . 12 3 23 4 . . . 378 . Trap Triggered on 0b10 10 | . . . . . . 10 . . . . . . Successful Hack 418 | . 27 . . . 44 40 166 . 26 48 59 8 Select Force Hacks 210 | . 60 . . . 90 . 60 . . . . . Disable Machine 765 | . . . . 45 45 15 105 . 30 150 45 330 Anti-Garrison Action 400 | . . . . . . 400 . . . . . . Destroy Structure 740 | . 6 2 . 91 42 50 106 44 12 48 95 244 Partial Spotted 45 | . 15 . . . . 15 . . . . 15 . Lose Combat Pursuer 660 | . . . . . 15 15 60 . 375 105 75 15 Influence Decreases 10241 | 45 468 245 . 357 724 155 1438 1723 795 1327 1630 1334 Entered New Map 4277 | . 2 80 . . 8 125 608 1553 293 552 444 612 Time Decay 4646 | 45 466 165 . 306 619 . 770 140 422 565 666 482 Lost Part 751 | . . . . 11 10 10 60 30 80 190 120 240 Lost Ally 500 | . . . . 40 20 20 . . . 20 400 . Purge Threat 67 | . . . . . 67 . . . . . . . Squads Dispatched 78 | . 6 . . . 9 . 34 . 11 8 5 5 Investigation 19 | . 5 . . . 4 . 6 . 1 . 2 1 Extermination 15 | . . . . . . . 8 . 2 3 . 2 Reinforcement 17 | . 1 . . . 1 . 6 . 2 4 1 2 Assault 10 | . . . . . . . 7 . . 1 2 . Garrison 17 | . . . . . 4 . 7 . 6 . . . Intercept . | . . . . . . . . . . . . . Searches Triggered . | . . . . . . . . . . . . . Construction Impeded 4 | . . . . . . . 1 . 1 . 1 1 Haulers Reinforced 1 | . . . . . . . 1 . . . . . Active Scanning Responses . | . . . . . . . . . . . . . Cargo Convoy Interrupts 2 | . . . . . . . . . . 1 . 1 Stealth | -11 -10 -10 -10 -9 -8 -8 -7 -7 -7 -6 -6 -5 --------- Run | Yrd Mat Min Exi Min Mat Gar Fac Was Fac Fac Ext Fac Distress Signals 13 | . . . . . 3 . 3 . . . 5 2 Communications Jammed . | . . . . . . . . . . . . . Distress Signals . | . . . . . . . . . . . . . Times Spotted 409 | . 22 4 . 26 36 23 96 6 38 41 65 52 Peak Tracking Total 15 | . 4 2 . 4 4 4 5 5 7 5 6 15 Tactical Retreats 28 | . . . . 1 1 1 4 . 12 4 4 1 Traps | -11 -10 -10 -10 -9 -8 -8 -7 -7 -7 -6 -6 -5 ------- Run | Yrd Mat Min Exi Min Mat Gar Fac Was Fac Fac Ext Fac Traps Triggered 22 | . 2 . . . 3 3 5 . 5 4 . . Indirectly 4 | . . . . . . . . . 4 . . . Trap Hack Attempts . | . . . . . . . . . . . . . Triggered . | . . . . . . . . . . . . . Disarmed . | . . . . . . . . . . . . . Reprogrammed . | . . . . . . . . . . . . . Reused 2 | . . . . 1 . 1 . . . . . . Traps Extracted . | . . . . . . . . . . . . . Installed 2 | . . . . 1 . 1 . . . . . . Triggered 1 | . . . . . . 1 . . . . . . Most Traps Carried 2 | . . 2 2 2 1 1 . . . . . . Machines | -11 -10 -10 -10 -9 -8 -8 -7 -7 -7 -6 -6 -5 ---------- Run | Yrd Mat Min Exi Min Mat Gar Fac Was Fac Fac Ext Fac Machines Disabled 58 | . . . . 3 3 5 7 . 2 10 6 22 Max in Single Turn 6 | . . . . 3 1 1 2 . 1 4 1 6 Garrison Relay 4 | . . . . . . 4 . . . . . . Machines Repaired . | . . . . . . . . . . . . . Machines Dismantled 5 | . . . . . . 5 . . . . . . Machines Sabotaged . | . . . . . . . . . . . . . Overloaded Fab Kills . | . . . . . . . . . . . . . Hacking | -11 -10 -10 -10 -9 -8 -8 -7 -7 -7 -6 -6 -5 --------- Run | Yrd Mat Min Exi Min Mat Gar Fac Was Fac Fac Ext Fac Machines Accessed 77 | . 8 . 1 . 17 5 18 . 6 9 11 2 Terminals 48 | . 5 . . . 11 5 9 . 1 5 11 1 Fabricators 3 | . . . . . . . 1 . 1 1 . . Repair Stations 10 | . 1 . . . 2 . 4 . 1 1 . 1 Recycling Units 8 | . 2 . . . 1 . 2 . 2 1 . . Scanalyzers 4 | . . . . . 2 . 1 . . 1 . . Garrison Access 3 | . . . . . 1 . 1 . 1 . . . Total Hacks 211 | . 23 . 1 . 64 10 50 . 14 21 22 6 Successful 122 | . 15 . 1 . 55 5 23 . 2 9 9 3 Failed 88 | . 8 . . . 8 5 27 . 12 12 13 3 Catastrophic 20 | . 1 . . . . . 7 . 6 3 3 . Database Lockouts 1 | . . . . . 1 . . . . . . . Manual 111 | . 17 . . . 34 3 34 . 7 4 8 4 Terminals 115 | . 16 . . . 35 10 20 . 2 8 22 2 Fabricators 5 | . . . . . . . 2 . 2 1 . . Repair Stations 31 | . 3 . . . 6 . 14 . 3 1 . 4 Recycling Units 20 | . 4 . . . 1 . 7 . 4 4 . . Scanalyzers 30 | . . . . . 18 . 5 . . 7 . . Garrison Access 9 | . . . . . 4 . 2 . 3 . . . Terminal Hacks 33 | . 5 . 1 . 12 4 2 . . 2 7 . Record 2 | . . . 1 . 1 . . . . . . . Robot Analysis 10 | . 3 . . . 6 . 1 . . . . . Prototype ID Bank 8 | . 2 . . . 3 . 1 . . 1 1 . Open Door 8 | . . . . . . 1 . . . 1 6 . Unreport Threat 2 | . . . . . 2 . . . . . . . Garrison Registry 1 | . . . . . . 1 . . . . . . Patrol Navigation 1 | . . . . . . 1 . . . . . . Security Stations 1 | . . . . . . 1 . . . . . . Fabricator Hacks . | . . . . . . . . . . . . . Repair Station Hacks 15 | . 2 . . . 6 . 2 . 2 1 . 2 Scan Component 8 | . 1 . . . 3 . 2 . 1 . . 1 Repair 6 | . 1 . . . 3 . . . 1 . . 1 Refit 1 | . . . . . . . . . . 1 . . Recycling Unit Hacks 3 | . 1 . . . . . . . . 2 . . Process 1 | . . . . . . . . . . 1 . . Retrieve Matter 1 | . . . . . . . . . . 1 . . Retrieve Components 1 | . 1 . . . . . . . . . . . Scanalyzer 20 | . . . . . 14 . 2 . . 4 . . Insert Component 6 | . . . . . 6 . . . . . . . Analyze 6 | . . . . . 6 . . . . . . . Retrieve Study 8 | . . . . . 2 . 2 . . 4 . . Garrison Access Hacks 1 | . . . . . 1 . . . . . . . Unlock Access 1 | . . . . . 1 . . . . . . . Unauthorized Hacks 50 | . 7 . . . 22 1 17 . . . 2 1 Terminals 31 | . 4 . . . 16 1 8 . . . 2 . Botnet 16 | . 3 . . . 7 1 3 . . . 2 . Disrupt 1 | . 1 . . . . . . . . . . . Skim 14 | . . . . . 9 . 5 . . . . . Fabricators 1 | . . . . . . . 1 . . . . . Haulers 1 | . . . . . . . 1 . . . . . Repair Stations 4 | . 1 . . . . . 2 . . . . 1 Patch 4 | . 1 . . . . . 2 . . . . 1 Recycling Units 8 | . 2 . . . 1 . 5 . . . . . Reject 1 | . . . . . . . 1 . . . . . Recyclers 2 | . . . . . . . 2 . . . . . Mask 1 | . . . . . . . 1 . . . . . Tunnel 4 | . 2 . . . 1 . 1 . . . . . Scanalyzers 3 | . . . . . 2 . 1 . . . . . Extract 3 | . . . . . 2 . 1 . . . . . Garrison Access 3 | . . . . . 3 . . . . . . . Reprogram 1 | . . . . . 1 . . . . . . . Intercept 1 | . . . . . 1 . . . . . . . Watchers 1 | . . . . . 1 . . . . . . . Data Cores Recovered 2 | . . . . . 1 . . . . . 1 . Used . | . . . . . . . . . . . . . Hacking Detections 67 | . 6 . . . 16 4 18 . 6 7 8 2 Full Trace Events 6 | . 1 . . . . . 2 . 1 . 2 . Feedback Events . | . . . . . . . . . . . . . Feedback Blocked . | . . . . . . . . . . . . . Robot Schematics Acquired . | . . . . . . . . . . . . . Robots Built . | . . . . . . . . . . . . . Authchips . | . . . . . . . . . . . . . Time . | . . . . . . . . . . . . . Total Robot Build Rating . | . . . . . . . . . . . . . Part Schematics Acquired 11 | . . . . . 10 . 1 . . . . . Parts Built . | . . . . . . . . . . . . . Authchips . | . . . . . . . . . . . . . Time . | . . . . . . . . . . . . . Total Part Build Rating . | . . . . . . . . . . . . . Part Studies Acquired 8 | . . . . . 2 . 2 . . 4 . . Parts Repaired 6 | . 1 . . . 3 . . . 1 . . 1 Time 153 | . 26 . . . 83 . . . 19 . . 25 Parts Recycled . | . . . . . . . . . . . . . Recycled Matter 71 | . . . . . . . . . . 71 . . Retrieved Matter 71 | . . . . . . . . . . 71 . . Retrieved Components 8 | . 8 . . . . . . . . . . . Parts Scanalyzed 6 | . . . . . 6 . . . . . . . Part Schematics Acquired 6 | . . . . . 6 . . . . . . . Parts Damaged 1 | . . . . . 1 . . . . . . . Bothacking | -11 -10 -10 -10 -9 -8 -8 -7 -7 -7 -6 -6 -5 ------------ Run | Yrd Mat Min Exi Min Mat Gar Fac Was Fac Fac Ext Fac Used RIF Installer . | . . . . . . . . . . . . . Robots Hacked . | . . . . . . . . . . . . . Non-combat . | . . . . . . . . . . . . . Combat . | . . . . . . . . . . . . . Robot Hacks Applied . | . . . . . . . . . . . . . Relay Couplers Released 17 | . . . . . . 17 . . . . . . Machine Destruction 17 | . . . . . . 17 . . . . . . Fabnet Peak Effective % . | . . . . . . . . . . . . . Robots Rewired 21 | . . . . . . . . . . . 21 . Allies Hacked . | . . . . . . . . . . . . . Hacks Repelled . | . . . . . . . . . . . . . Allies | -11 -10 -10 -10 -9 -8 -8 -7 -7 -7 -6 -6 -5 -------- Run | Yrd Mat Min Exi Min Mat Gar Fac Was Fac Fac Ext Fac Total Allies 34 | . . 3 . . 2 2 . . . . 27 . Largest Group 7 | . . 3 3 3 2 2 1 . . . 7 . Highest-Rated Group 230 | . . 40 40 40 28 51 31 . . . 230 . Highest-Rated Ally 39 | . . 16 16 16 18 31 31 . . . 39 . Initial Warlord ECA Mod 7 | . . . . . . . 7 7 7 6 6 5 Total Orders 2 | . . . . . . . . . . 2 . . EXPLORE 2 | . . . . . . . . . . 2 . . Ally Attacks 337 | . . 9 . 14 . 7 6 . . . 301 . Total Damage 4990 | . . 84 . 132 . 62 107 . . . 4605 . Kills 38 | . . 1 . 1 . 2 . . . . 34 . Allies Corrupted 1 | . . . . . 1 . . . . . . . Allies Melted 2 | . . 1 . . . . . . . . 1 . Intel | -11 -10 -10 -10 -9 -8 -8 -7 -7 -7 -6 -6 -5 ------- Run | Yrd Mat Min Exi Min Mat Gar Fac Was Fac Fac Ext Fac Active Infowar (turns) 8904 | 155 2058 1720 618 232 1272 . . . 38 329 2156 326 Sensors 130 | . . . . . . . . . . 26 . 104 Terrain 6277 | 155 2058 1720 618 232 1272 . . . . . . 222 Structural 2459 | . . . . . . . . . . 303 2156 . Seismic 38 | . . . . . . . . . 38 . . . Robot Analysis Total 10 | . 3 . . . 6 . 1 . . . . . Derelict Logs Recovered 4 | . . 1 . 3 . . . . . . . . Drone Launches 2 | . . . . . . . . . . 2 . . Drone Recoveries . | . . . . . . . . . . . . . Exploration | -11 -10 -10 -10 -9 -8 -8 -7 -7 -7 -6 -6 -5 ------------- Run | Yrd Mat Min Exi Min Mat Gar Fac Was Fac Fac Ext Fac Turns Passed 23347 | 236 2058 1720 618 1249 4311 1807 4542 285 1031 1692 2550 1248 Spaces Moved 11581 | 93 890 698 256 358 1577 655 2369 288 1089 1394 1302 612 Core 529 | 4 . . . . . . . 194 164 106 . 61 Treads 8546 | 89 890 698 256 358 1577 655 2369 94 . . 1013 547 Legs 4 | . . . . . . . . . . . . 4 Wheels 1765 | . . . . . . . . . 407 1069 289 . Hover 737 | . . . . . . . . . 518 219 . . Flight . | . . . . . . . . . . . . . Fastest Speed 50 | 50 160 240 240 240 240 250 157 50 50 50 73 50 Average Speed 168 | 155 201 240 240 243 249 250 160 85 71 87 142 150 Slowest Speed 410 | 160 320 240 240 320 410 250 163 160 115 300 160 250 Overloaded Moves . | . . . . . . . . . . . . . Propulsion Burnouts . | . . . . . . . . . . . . . Robots Hopped . | . . . . . . . . . . . . . Potential Cave-ins . | . . . . . . . . . . . . . Cave-ins Triggered . | . . . . . . . . . . . . . Exploration Rate (%) 61 | 4 98 93 58 52 97 83 51 100 16 27 97 17 Regions Visited 12 Branch Regions 4 Pre-discovered Areas 6 | . 2 . 1 1 1 . 1 . . . . . Known Exits Taken 2 | . . . . . 1 . . . 1 . . . Unknown Exits Taken 7 | 1 1 1 1 1 . . . . . 1 1 . Scrap Searched 2 | . . 2 . . . . . . . . . . Spaces Dug 13 | . . . . . . . 1 . . 4 8 . Terrain Destroyed 672 | . 4 2 . 143 35 48 112 66 10 45 74 133 Melee . | . . . . . . . . . . . . . Projectile 153 | . 4 2 . 4 . . 8 . 10 6 74 45 AOE 518 | . . . . 139 35 48 103 66 . 39 . 88 Terrain Rammed . | . . . . . . . . . . . . . Walls Destroyed . | . . . . . . . . . . . . . Machines Disabled . | . . . . . . . . . . . . . Actions | -11 -10 -10 -10 -9 -8 -8 -7 -7 -7 -6 -6 -5 --------- Run | Yrd Mat Min Exi Min Mat Gar Fac Was Fac Fac Ext Fac Total 13860 | 133 1032 722 261 632 1851 737 2755 312 1253 1681 1708 783 Wait 523 | . 38 . . 185 86 2 69 3 44 46 23 27 Move 11569 | 92 889 697 255 357 1576 653 2369 287 1088 1393 1301 612 Hop . | . . . . . . . . . . . . . Pick Up 158 | 2 22 7 1 7 36 . 24 3 12 21 14 9 Fast Attach 107 | 8 1 . 2 2 9 1 2 . 19 32 14 17 Attach 63 | . . . . 6 9 . 9 2 10 12 9 6 Detach 23 | . . . . . 2 . 1 . 13 6 1 . Swap 161 | . 7 1 . 14 20 22 52 4 9 12 10 10 Drop 146 | 1 9 5 3 2 37 1 19 5 13 16 16 19 Fire 854 | 30 66 12 . 58 76 35 209 8 44 113 128 75 Melee . | . . . . . . . . . . . . . Ram 7 | . . . . . . . . . 1 1 . 5 Kick 3 | . . . . . . . . . . . . 3 Crush . | . . . . . . . . . . . . . Escape Stasis 32 | . . . . . . 6 . . . 26 . . Rewire 195 | . . . . . . . . . . 3 192 . Trap 2 | . . . . 1 . 1 . . . . . . Miscellaneous 17 | . . . . . . 16 1 . . . . . Route ------- -11/Scrapyard -10/Materials (discovered 6 exits: [*Mat x3] / [*Min x2] / [*Sub]) -10/Mines (discovered 4 exits: [*Mat x2] / *Exi / [*Sub]) -10/Exiles -9/Mines (discovered 2 exits: *Mat x2) -8/Materials (discovered 4 exits: *Fac x3 / Gar) -8/Garrison (discovered 3 exits: *Fac x3) -7/Factory (discovered 4 exits: *Fac x3 / *Low) -7/Waste -7/Factory (discovered 3 exits: *Fac / Low x2) -6/Factory -6/Extension (discovered 2 exits: *Fac / [*Cet]) -5/Factory History --------- Turn | Location | Event 10 | -11/Scrapyard | Discovered new exit (range 15) 237 | -11/Scrapyard | Entered Materials 314 | -10/Materials | Build established: Mutant 337 | -10/Materials | Discovered new exit (range 16) 343 | -10/Materials | Discovered new exit (range 14) 692 | -10/Materials | Discovered new exit (range 10) 1010 | -10/Materials | Discovered new exit (range 4) 1909 | -10/Materials | Discovered new exit (range 10) 2013 | -10/Materials | Discovered new exit (range 8) 2177 | -10/Materials | Repaired Lgt. Treads 2295 | -10/Materials | Entered Mines 2305 | -10/Mines | Assisted by bots powering up and referring to "LRC-V3" 2336 | -10/Mines | Met a Derelict bent on vengeance 2377 | -10/Mines | Joined a pair of Derelicts in attacking an 0b10 outpost 2460 | -10/Mines | Learned Materials terminal intel 3063 | -10/Mines | Discovered new exit (range 10) 3388 | -10/Mines | Found a hidden stash of uninstalled traps 3484 | -10/Mines | Deemed a non-threat by the Exiles lab entrance 3484 | -10/Mines | Discovered new exit (range 5) 3720 | -10/Mines | Discovered new exit (range 5) 3772 | -10/Mines | Discovered new exit (range 5) 4015 | -10/Mines | Entered Exiles 4015 | -10/Exiles | Accompanied by 3 allies 4051 | -10/Exiles | Discovered new exit (range 15) 4076 | -10/Exiles | Met 8R-AWN 4115 | -10/Exiles | Met EX-HEX 4232 | -10/Exiles | Met EX-DEC 4276 | -10/Exiles | Learned location of Zion (-6) 4451 | -10/Exiles | Met EX-BIN 4633 | -10/Exiles | Entered Mines 4633 | -9/Mines | Accompanied by 3 allies 4644 | -9/Mines | Core integrity fell below 50% 4856 | -9/Mines | Learned Materials garrison access intel 4856 | -9/Mines | Discovered new exit (range 16) 4903 | -9/Mines | Learned Materials terminal intel 5033 | -9/Mines | Assembled infested the area 5038 | -9/Mines | Assisted by a Guerilla fighting off Assembled 5217 | -9/Mines | System corruption reached 10% 5223 | -9/Mines | Core integrity fell below 20% 5259 | -9/Mines | Lost 4 parts (1p1n1u1w) 5844 | -9/Mines | Discovered new exit (range 10) 5882 | -9/Mines | Entered Materials 5882 | -8/Materials | Evolved 4 slots: Utility x2, Weapon x2 5883 | -8/Materials | Loaded intel: 12 terminal locations 5884 | -8/Materials | Loaded intel: 1 garrison access location 6018 | -8/Materials | Garrison activated, responded to threat 6093 | -8/Materials | Identified exit to Garrison 6177 | -8/Materials | Met 7R-MNS 6440 | -8/Materials | Build established: Gunner 6537 | -8/Materials | Discovered new exit (range 9) 6620 | -8/Materials | Central database locked down 6654 | -8/Materials | Found Prototype Device 7296 | -8/Materials | Garrison activated, responded to threat 7426 | -8/Materials | Repaired Autogun+ 7459 | -8/Materials | Repaired Autogun+ 7657 | -8/Materials | Learned Storage terminal intel 7717 | -8/Materials | Learned 2 Lower Caves zone layouts 7766 | -8/Materials | Learned Storage terminal intel 7803 | -8/Materials | Identified exit to Factory 7829 | -8/Materials | Learned Factory emergency access door positions 7847 | -8/Materials | Learned location of 1 exit from Recycling 9676 | -8/Materials | Repaired Arm. Treads 10193 | -8/Materials | Entered Garrison 10252 | -8/Garrison | Learned Factory security intel 10295 | -8/Garrison | Discovered exit to Factory (range 104) 10295 | -8/Garrison | Discovered exit to Factory (range 73) 10295 | -8/Garrison | Discovered exit to Factory (range 66) 10330 | -8/Garrison | Triggered checkpoint 10411 | -8/Garrison | Garrison Relay disabled 10550 | -8/Garrison | Triggered checkpoint 10635 | -8/Garrison | Triggered checkpoint 10768 | -8/Garrison | Triggered checkpoint 10822 | -8/Garrison | Garrison Relay disabled 11136 | -8/Garrison | Rescued a captive Derelict 11136 | -8/Garrison | Rescued a captive Derelict 11219 | -8/Garrison | Triggered checkpoint 11269 | -8/Garrison | Garrison Relay disabled 11393 | -8/Garrison | Triggered checkpoint 11577 | -8/Garrison | Triggered checkpoint 11622 | -8/Garrison | Garrison Relay disabled 11710 | -8/Garrison | Attempted to access garrison exit controls, blocked by remote lockdown 12000 | -8/Garrison | Entered Factory 12000 | -7/Factory | Accompanied by 1 ally 12000 | -7/Factory | Evolved 2 slots: Propulsion x2 12636 | -7/Factory | Discovered new exit (range 11) 13144 | -7/Factory | Garrison activated, responded to threat 13252 | -7/Factory | Garrison activated, responded to threat 14000 | -7/Factory | First assault squad dispatched 14028 | -7/Factory | Destroyed 9 combat bots 14184 | -7/Factory | Garrison activated, responded to threat 14800 | -7/Factory | Discovered new exit (range 13) 14882 | -7/Factory | System corruption reached 10% 15446 | -7/Factory | Learned location of 2 exits from Lower Caves 15501 | -7/Factory | Learned location of 1 exit from Hub_04(d) 15580 | -7/Factory | Learned Extension security intel 15607 | -7/Factory | Identified exit to Factory 16234 | -7/Factory | Watched by a mysterious "MATRIX" hacker 16531 | -7/Factory | High security lockdown imminent 16542 | -7/Factory | Manually triggered Chute Trap 16542 | -7/Factory | Sucked down chute 16542 | -7/Factory | Entered Waste 16580 | -7/Waste | Spotted C-40 Crusher 16613 | -7/Waste | Destroyed C-40 Crusher 16627 | -7/Waste | Spotted C-40 Crusher 16636 | -7/Waste | Spotted C-40 Crusher 16654 | -7/Waste | Spotted C-40 Crusher 16663 | -7/Waste | Spotted C-40 Crusher 16694 | -7/Waste | Crushed by Compactor (1 part destroyed, 2 dropped) 16708 | -7/Waste | Spotted C-40 Crusher 16719 | -7/Waste | Crushed by Compactor (1 part destroyed, 2 dropped) 16722 | -7/Waste | Crushed by Compactor (1 part destroyed, 1 dropped) 16753 | -7/Waste | Lost 3 parts (2n1w) 16818 | -7/Waste | Discovered new exit (range 13) 16827 | -7/Waste | Entered Factory 16828 | -7/Factory | Identified exit to Lower Caves 16927 | -7/Factory | Garrison activated, responded to threat 17035 | -7/Factory | Build established: Mutant 17423 | -7/Factory | Build established: Scavenger-Gunner 17426 | -7/Factory | Repaired Assault Cannon? 17521 | -7/Factory | Garrison activated, responded to threat 17588 | -7/Factory | Core integrity fell below 50% 17747 | -7/Factory | Garrison activated, responded to threat 17761 | -7/Factory | Core integrity fell below 20% 17788 | -7/Factory | Lost 4 parts (1p1n2w) 17841 | -7/Factory | Discovered exit to Factory (range 13) 17858 | -7/Factory | Entered another Factory area 17858 | -6/Factory | Evolved 2 slots: Propulsion x2 17901 | -6/Factory | Build established: Mutant 18225 | -6/Factory | Core integrity fell below 50% 18255 | -6/Factory | Lost 5 parts (1p3n1w) 18558 | -6/Factory | First assault squad dispatched 18707 | -6/Factory | Build established: Scavenger-Gunner 19113 | -6/Factory | Lost 5 parts (3n1u1w) 19327 | -6/Factory | Cargo convoy interrupted 19409 | -6/Factory | Core integrity fell below 20% 19464 | -6/Factory | Lost 4 parts (1u3w) 19547 | -6/Factory | Discovered new exit (range 6) 19550 | -6/Factory | Entered Extension 19620 | -6/Extension | Lost 5 parts (1p4n) 19748 | -6/Extension | Rescued a captive Derelict 19855 | -6/Extension | Rescued a captive Derelict 19976 | -6/Extension | Lost 6 allies 20079 | -6/Extension | Spotted B-75 Beast 20116 | -6/Extension | Destroyed B-75 Beast 20117 | -6/Extension | Spotted B-75 Beast 20152 | -6/Extension | Destroyed B-75 Beast 20168 | -6/Extension | Lost 7 allies 20275 | -6/Extension | Disrupted transfer network 20330 | -6/Extension | Rescued a captive Derelict 20344 | -6/Extension | Rescued a captive Derelict 20344 | -6/Extension | Rescued a captive Derelict 20510 | -6/Extension | Lost 3 allies 20595 | -6/Extension | Rescued a captive Derelict 20643 | -6/Extension | Rescued a captive Derelict 20875 | -6/Extension | Discovered new exit (range 13) 20882 | -6/Extension | Discovered new exit (range 11) 21160 | -6/Extension | Lost 3 allies 21650 | -6/Extension | First assault squad dispatched 21970 | -6/Extension | Destroyed A7 22100 | -6/Extension | Disrupted transfer network 22100 | -6/Extension | Entered Factory 22100 | -5/Factory | Evolved 2 slots: Utility x2 22245 | -5/Factory | Found Powered Armor 22335 | -5/Factory | Repaired Bore Cannon 23214 | -5/Factory | Cargo convoy interrupted 23237 | -5/Factory | System corruption reached 10% 23266 | -5/Factory | Destroyed 7 combat bots 23309 | -5/Factory | Core integrity fell below 50% 23344 | -5/Factory | Core integrity fell below 20% 23348 | -5/Factory | Destroyed by P-70 Sage with High-powered Shock Rifle Last Messages --------------- 23313_ K-01 Serf collects debris. 23313_ U-05 Engineer lays Concrete. 23315_ R-10 Processor inserts Structural Scanner into recycling unit. 23315_ K-01 Serf collects debris. 23316_ Recycling unit begins recycling process. 23324_ K-01 Serf collects debris. 23327_ C-30 ARC bursts open, deploying its payload. 23327_ S-27 Virus unfolds itself. 23329_ K-01 Serf collects debris. 23332_ Slammed into P-70 Sage. 23332_ Minigun destroyed. 23333_ Slammed into P-70 Sage. 23336_ %>H LD>CDKDOQ,6ZXSPYCY:WVH%2 23336_ Flexi-carbon Leg destroyed. 23339_ P-70 Sage resets P-70 Sage, system corruption cleaned. 23339_ ALERT: Suspicious intruders detected, dispatching Cutter reinforcements to area. 23348_ Slammed into P-70 Sage. Map ----- +----------------------------------------------------+ | +##"" #[ #??????#"""""" ! #????????? | | # # #??????#"""""" #????????? | | "" # # """ """ #??????#"""""" #????????? | | "" # # """ """ ##?????#""""" #????????? | | "" # # """ """ ##?#???#"""""" % ! #????????? | | # # #?#????# = #????????? | | "" # # =#??????# #???????? | | "" # ###+####################+############ | | "" # [ "%" ""T""" | | + ^ " | | " # !! % """"" | | Y" # !! ^"""""" """"" """" """"" | | "" # """""" """""" """ """""" | | # """""" """""" " " """" | | ##### """""" """""" | | | | ############ | | #??????????? | | #??????????? | | #??????????? | | ### ####### #### #??????????? | | ??# "?#???# s ####/#+#######????? | | ??# ##????# """" # #????? | | ??# #????# s """" # #????? | | ?## | #?#??# s"""" # #????? | | ??# ##??#?# p@ss # #????? | | ### #####?# pg # % #????? | | = # #???### #### # #????? | | = !] ##????# #??#gg # % % #????? | | !][*##?#??## #??# # #????? | | []% #????## #??# %%+% ! ##???? | | !]%# #?????# #??# # ##???? | | &!!!# #######+#### # #????? | | !!!# ## + # #????? | | !# ## ""######+################????? | | # ## Y"# #??????##?????? | | !# ## ""# #?????????????? | | |%####^ # #?????????????? | | *= # # #?????????????? | | # # #?????????????? | | + # """" """" #?????????????? | | = =!# # """" """" #?????????????? | | |!**%!# """ """" #?????????????? | | ###"######+#|!%* # """" """" #?????????????? | | #??## !%[[!!!! # """" """" #?????????????? | | # *!=%] / """" """" ???????????????? | | """ # !% # ???????????????? | | ## " ##""########???????????????? | | """ ## ## # ###??????????????????????? | | ## #######????????????????????????? | +----------------------------------------------------+ Best States ------------- Heat Dissipation 81 Coolant Potential 80 Energy Generation 18 Energy Capacity 310 Matter Stores 300 Matter Capacity 300 Sight Range 16 Robot Scan Range 16 Terrain Scan Range 20 Terrain Scan Density 10 Additional Mass Support 9 Armor Coverage 400 Resistance: KI 30 Evasion (%) 54 Targeting Accuracy 26 Core Analysis 6 Recoil Reduction 6 Energy Filtering 30 Offensive Hacking 12 Defensive Hacking 10 Item Schematics ----------------- Cmb. Airjet | -8/Materials | Scanalyzed Fission Core | -8/Materials | Scanalyzed Imp. Light Cannon | -8/Materials | Scanalyzed Disposable Heat Sink | -8/Materials | Scanalyzed Lrg. Storage Unit | -8/Materials | Scanalyzed Adv. Weight Redist. System | -8/Materials | Extracted Shock Rifle | -8/Materials | Extracted Plasma Cutter | -8/Materials | Scanalyzed Huge Storage Unit | -8/Materials | Extracted Scythe | -8/Materials | Extracted Hrd. Medium Armor Plating | -7/Factory | Extracted Robot Schematics ------------------ None Fabricated ------------ Nothing Repaired ---------- Lgt. Treads | 18% | -10/Materials Autogun | 16% | -8/Materials Autogun | 26% | -8/Materials Arm. Treads | 42% | -8/Materials Assault Cannon | 56% | -7/Factory Bore Cannon | 9% | -5/Factory Studied --------- Autogun | -8/Materials | Hacked Imp. Light Cannon | -8/Materials | Hacked Gauss Cannon | -7/Factory | Hacked Gauss Rifle | -7/Factory | Hacked Wheel | -6/Factory | Hacked Hvy. Flak Cannon | -6/Factory | Hacked Coil Gun | -6/Factory | Hacked Com. Wheel | -6/Factory | Hacked Alien Tech Used ----------------- None Achievements -------------- None Challenges ------------ None Game ------ Seed CouplerCompanionCalibrator Manual? 0 Play Time 02:14:04 Cumulative 780.4 hours Start 2026.09.12 @ 13:58:50 End 2026.09.12 @ 16:13:09 Sessions 1 Manual Loads 0 Difficulty Rogue Special Mode None Game No. 381 Rogue 381 Adventurer 0 Explorer 0 Win Type - Total 7 Types 3/0/2/1/0/0/0/0/0/1 Lore% 86 Gallery% 77 Achievement% 61 Wizard Run 0 Options --------- Layout 2 ASCII 0 Keyboard 1 Movement Vi Keybinds 0 Fullscreen 1 Font 16/Proggy Map View 55x47 Zoom Use 0% Tactical HUD 1 Map Filters NONE Filters NONE Steam 0 RUN: e72c30dd-9c88-4aee-ae31-05f4b4db02e6